Map: Abyssal Reef LE

Players

Smileblind

  • Race: Protoss Protoss
  • League: Silver
  • Spawn Location: 11:00

ikennyng - Winner!

  • Race: Protoss Protoss
  • League: Bronze
  • Spawn Location: 5:00

VOD

Have the link to the VOD?

Description

Time

  • Played on: Feb. 3, 2019, 7:56 p.m.
  • Length: 3:45
Show
View Real Time Build Order
Export as new Build Order

Smileblind Protoss 

Build Orders:  

Get SALT Encoding   

  12  0:01  Probe  
  13  0:13  Probe  
  14  0:21  Probe  
  14  0:23  Pylon  
  15  0:32  Assimilator  
  15  0:40  Probe  
  16  0:51  Gateway  
  16  0:52  Probe  
  17  1:03  Assimilator  
  18  1:04  Probe  
  18  1:16  Probe  
  19  1:23  Forge  
  19  1:28  Probe  
  20  1:39  Pylon  
  20  1:40  Probe  
  21  1:51  Cybernetics Core  
  21  1:52  Probe  
  22  2:01  Zealot  
  22  2:04  Probe  
  23  2:13  Pylon  
  25  2:16  Probe  
  26  2:44  Photon Cannon  
  26  2:59  Photon Cannon  
Show
View Real Time Build Order
Export as new Build Order

ikennyng Protoss - Winner!

Build Orders:  

Get SALT Encoding   

  12  0:24  Pylon  
  12  0:27  Probe  
  12  0:35  Probe  
  14  0:44  Forge  
  14  1:14  Pylon  
  14  1:28  Gateway  
  14  1:47  Probe  
  15  1:55  Probe  
  15  2:11  Pylon  
  15  2:15  Pylon  
  15  2:19  Pylon  
  15  2:26  Pylon  
  15  2:32  Pylon  
  15  2:37  Photon Cannon  
  15  2:40  Photon Cannon  
  15  2:46  Photon Cannon  
  15  2:50  Photon Cannon  
  14  3:01  Probe, Zealot  
  19  3:38  Pylon  
Tags
 
Matchup
PvP
Spawn Locations
Cross Positions
Add a new tag
Caveats
  • Supply blocks, unpowered buildings, or Contaminate may cause inaccurate times.
  • Supply counts are checked every 10 seconds.